 Dungeon Crawl Stone Soup version 0.30.1-3-gfc49f6343a (webtiles) character file.

Game seed: 16515281510820160016

113 Heoruswealwe the Conjurer (level 4, 0/24 HPs)
             Began as a Deep Elf Conjurer on July 20, 2023.
             Slain by a gnoll
             ... wielding a +0 flail
              (5 damage)
             ... on level 3 of the Dungeon.
             The game lasted 00:17:05 (1910 turns).

Heoruswealwe the Conjurer (Deep Elf Conjurer)       Turns: 1910, Time: 00:17:06

Health: 0/24       AC:  1    Str:  4    XL:     4   Next: 65%
Magic:  0/13       EV: 12    Int: 25    God:
Gold:   180        SH:  0    Dex: 13    Spells: 3/13 levels left

rFire   . . .        (no weapon)
rCold   . . .        (no shield)
rNeg    . . .        (no body armour)
rPois   .            (no helmet)
rElec   .            h - +0 cloak
rCorr   .            (no gloves)
SInv    .            (no boots)
Will    .....        (no amulet)
Stlth   ++           (no ring)
HPRegen 0.24/turn    (no ring)
MPRegen 0.13/turn

%: no passive effects
@: no status effects
A: no striking features
a: no special abilities


You were on level 3 of the Dungeon.
You visited 1 branch of the dungeon, and saw 3 of its levels.

You collected 180 gold pieces.

Inventory:

Armour
 h - a +0 cloak (worn)
Magical Staves
 r - a staff of poison
Scrolls
 a - 3 scrolls of identify {unknown}
 b - a scroll of fear {unknown}
 d - a scroll of enchant armour {unknown}
 k - 2 scrolls of teleportation {unknown}
 l - 3 scrolls of fog {unknown}
 m - a scroll of noise {unknown}
 n - a scroll of silence {unknown}
Potions
 c - a potion of ambrosia {unknown}
 e - a potion of might {unknown}
 f - a potion of degeneration {unknown}
 g - a potion of lignification {unknown}
 i - 2 potions of curing {unknown}
 j - a potion of brilliance {unknown}
 o - a potion of heal wounds {unknown}
 p - a potion of berserk rage {unknown}


   Skills:
 - Level 2.4 Dodging
 - Level 2.4 Stealth
 + Level 5.1 Spellcasting
 + Level 5.6 Conjurations


You had 3 spell levels left.
You knew the following spells:

 Your Spells              Type           Power      Damage    Failure   Level
a - Magic Dart            Conj           100%       1d8       1%          1
b - Searing Ray           Conj           68%        2d6       1%          2
c - Dazzling Flash        Conj/Hex       40%        N/A       8%          3
d - Fulminant Prism       Conj/Hex       10%        3d8       26%         4

Your spell library contained the following spells:

 Spells                   Type           Power      Damage    Failure   Level
 Ensorcelled Hibernation  Hex/Ice        12%        N/A       12%         2
 Frozen Ramparts          Ice            12%        1d2       24%         3
 Spider Form              Tmut/Pois      6%         N/A       24%         3
 Iskenderun's Mystic Bla  Conj/Tloc      20%        2d6       26%         4
 Anguish                  Hex/Necr       3%         N/A       63%         4
 Ice Form                 Ice/Tmut       6%         N/A       63%         4
 Summon Ice Beast         Ice/Summ       6%         N/A       63%         4


Dungeon Overview and Level Annotations

Branches:
Dungeon (3/15)

Altars:


Message History

You kill the gnoll!
The searing ray hits the dart slug!
The dart slug is severely wounded. (Press . to maintain the ray.)
Your Spellcasting skill increases to level 5!
The searing ray hits the dart slug!
You kill the dart slug!
You hear a shout!
You see here a +0 whip.
A gnoll comes into view. It is wielding a +0 flail.
Casting: Searing Ray (safe; 1% risk of failure)
Confirm with . or Enter, or press ? or * to list all spells.
Aiming: Searing Ray (safe; 1% risk of failure)
Press: ? - help, Shift-Dir - straight line, f - gnoll
Aim: a gnoll, wielding a +0 flail (83% to hit)
The searing ray hits the gnoll!
The gnoll is almost dead. (Press . to maintain the ray.)
The searing ray hits the gnoll.
You kill the gnoll!
The magic dart hits the orc.
The orc is moderately wounded.
The magic dart hits the orc!
You kill the orc!
You see here a +0 whip.
Casting: Magic Dart (safe; 1% risk of failure)
Confirm with . or Enter, or press ? or * to list all spells.
Aiming: Searing Ray (safe; 1% risk of failure)
Press: ? - help, Shift-Dir - straight line, f - gnoll
Aim: a gnoll, wielding a +0 flail (83% to hit)
The searing ray hits the gnoll.
The gnoll is moderately wounded. (Press . to maintain the ray.)
The searing ray hits the gnoll.
The gnoll is severely wounded.
The gnoll hits you with a +0 flail!
Ouch! That really hurt!
* * * LOW HITPOINT WARNING * * *
The gnoll attacks as you move away! The gnoll hits you with a +0 flail.
You die...

#.# ## #####
#.# #. ...#
#.# #.
#.########.#
####.
#..........#
....
#.##########
#.. #.#
#.)#####.#
#.@g))..#
#########


You could see a gnoll.

Vanquished Creatures
  2 gnolls (D:3)
  3 adders (D:2)
  A dart slug (D:3)
  5 orcs (D:3)
  11 endoplasms
  3 giant cockroaches
  A goblin (D:3)
  11 hobgoblins
  4 kobolds
  2 ball pythons
  5 bats
  A frilled lizard (D:3)
  6 rats
55 creatures vanquished.

Notes
Turn   | Place    | Note
-------+----------+-------------------------------------------
     0 | D:1      | Heoruswealwe the Deep Elf Conjurer began the quest for the
                  | Orb.
     0 | D:1      | Reached XP level 1. HP: 10/10 MP: 6/6
   211 | D:1      | Reached XP level 2. HP: 7/15 MP: 3/8
   214 | D:1      | Learned a level 2 spell: Searing Ray
   837 | D:2      | Reached XP level 3. HP: 19/19 MP: 6/10
   841 | D:2      | Learned a level 3 spell: Dazzling Flash
   848 | D:2      | Reached skill level 5 in Conjurations
  1453 | D:2      | Reached XP level 4. HP: 24/24 MP: 9/12
  1458 | D:2      | Learned a level 4 spell: Fulminant Prism
  1896 | D:3      | Reached skill level 5 in Spellcasting
  1910 | D:3      | Slain by a gnoll

Illustrated notes

Levels and vault maps discovered:
D:1:      minmay_arrival_jagged, layout_loops_ring, minmay_vboxes
D:2:      layout_loops_ring, chequers_serial_rivers_micro_d
D:3:      layout_loops_corners, due_unseen_surprise

Skill      XL: |  1  2  3  4 |
---------------+-------------+-----
Spellcasting   | 4 5 |  5.1
Conjurations   | 5 |  5.6
Dodging        | |  2.4
Stealth        | |  2.4

Action                     |  1- 3 |  4- 6 || total
---------------------------+-------+-------++-------
   Cast: Magic Dart        |    85 |    19 ||   104
         Searing Ray       |       |     4 ||     4
    Use: Potion            |     1 |       ||     1
 Armour: Robe              |     1 |       ||     1
         Skin              |     2 |       ||     2
  Dodge: Dodged            |    13 |     2 ||    15
